 Dungeon Crawl Stone Soup version 0.32-a0-42-ga30500b4d3 (webtiles) character file.

Game seed: 4295357070191247705

1124 senseless the Conjurer (level 8, -1/51 HPs)
             Began as an Octopode Conjurer on Feb 3, 2024.
             Slain by a steam dragon (7 damage)
             ... on level 6 of the Dungeon.
             The game lasted 00:21:23 (5907 turns).

senseless the Conjurer (Octopode Conjurer)          Turns: 5907, Time: 00:21:23

Health: -1/51      AC:  1    Str:  7    XL:     8   Next: 35%
Magic:  1/14       EV: 14    Int: 22    God:
Gold:   26         SH:  0    Dex: 10    Spells: 7/15 levels left

rFire   . . .        w - +0 short sword (speed)
rCold   . . .        (no shield)
rNeg    . . .        (helmet restricted)
rPois   .            y - amulet of faith
rElec   .            s - ring of resist corrosion
rCorr   +            (no ring)
SInv    .            (no ring)
Will    .....        (no ring)
Stlth   ++++         (no ring)
HPRegen 0.28/turn    (no ring)
MPRegen 0.14/turn    (no ring)
                     (no ring)

%: faith
@: no status effects
A: almost no armour, amphibious, 8 rings, camouflage 1, gelatinous body 1,
(nimble swimmer 1), tentacles
a: no special abilities


You were on level 6 of the Dungeon.
You visited 2 branches of the dungeon, and saw 7 of its levels.

You collected 271 gold pieces.
You spent 245 gold pieces at shops.

Inventory:

Hand Weapons
 d - a +0 dagger of speed
 r - a +0 falchion of holy wrath
 w - a +0 short sword of speed (weapon)
Missiles
 m - 5 datura-tipped darts
Jewellery
 s - a ring of resist corrosion (left tentacle)
 y - an amulet of faith (around mantle)
Scrolls
 b - 3 scrolls of noise {unknown}
 f - 7 scrolls of identify {unknown}
 i - 4 scrolls of silence {unknown}
 j - 4 scrolls of fog {unknown}
 k - a scroll of blinking {unknown}
 l - 2 scrolls of vulnerability {unknown}
 o - 2 scrolls of enchant weapon
 t - a scroll of brand weapon {unknown}
 u - a scroll of immolation {unknown}
 v - a scroll of amnesia {unknown}
 z - a scroll of enchant armour {unknown}
Potions
 a - a potion of magic
 c - a potion of heal wounds
 e - a potion of mutation {unknown}
 g - a potion of degeneration {unknown}
 h - 2 potions of resistance {unknown}
 n - a potion of brilliance {unknown}
 p - a potion of might {unknown}
 q - 2 potions of curing
 x - a potion of lignification {unknown}


   Skills:
 + Level 2.7 Fighting
 * Level 4.6 Dodging
 + Level 4.9 Stealth
 * Level 4.3 Spellcasting
 * Level 5.9 Conjurations
 * Level 4.0 Fire Magic


You had 7 spell levels left.
You knew the following spells:

 Your Spells              Type           Power      Damage    Failure   Level
a - Magic Dart            Conj           100%       1d8       1%          1
b - Foxfire               Conj/Fire      100%       2x1d9     1%          1
c - Searing Ray           Conj           60%        2d6       1%          2
d - Flame Wave            Conj/Fire      26%        2d8       14%         4

Your spell library contained the following spells:

 Spells                   Type           Power      Damage    Failure   Level
 Kiss of Death            Conj/Necr      68%        2d10      3%          1
 Apportation              Tloc           8%         N/A       11%         1
 Summon Small Mammal      Summ           16%        N/A       11%         1
 Inner Flame              Hex/Fire       13%        N/A       14%         3
 Jinxbite                 Hex            8%         N/A       16%         2
 Call Canine Familiar     Summ           4%         N/A       32%         3
 Confusing Touch          Hex            4%         N/A       32%         3
 Fugue of the Fallen      Necr           4%         N/A       32%         3
 Ozocubu's Armour         Ice            4%         N/A       32%         3
 Tukima's Dance           Hex            4%         N/A       32%         3
 Fulminant Prism          Conj/Alch      8%         3d6       32%         4
 Iskenderun's Mystic Bla  Conj/Tloc      17%        2d5       32%         4
 Sticky Flame             Fire/Alch      13%        2d5       43%         4
 Summon Blazeheart Golem  Fire/Summ      13%        N/A       43%         4
 Dimensional Bullseye     Hex/Tloc       2%         N/A       71%         4
 Dispel Undead            Necr           4%         3d7       71%         4
 Manifold Assault         Tloc           4%         N/A       71%         4
 Summon Lightning Spire   Summ/Air       4%         N/A       71%         4
 Starburst                Conj/Fire      13%        6d5       91%         6
 Alistair's Intoxication  Alch           2%         N/A       96%         5
 Lee's Rapid Deconstruct  Erth           2%         3d4*      96%         5
 Plasma Beam              Fire/Air       6%         2x1d17    100%        6
 Animate Armour           Summ/Erth      Unusable   N/A       N/A         4

Dungeon Overview and Level Annotations

Branches:
Dungeon (6/15)             Temple (1/1) D:5

Altars:
Cheibriados
Dithmenos
Fedhas
Gozag
Kikubaaqudgha
Makhleb
Nemelex Xobeh
Okawaru
Qazlal
Sif Muna
Trog
Uskayaw
Wu Jian
Yredelemnul
Zin

Shops:
D:3 **   D:6 ?


Innate Abilities, Weirdness & Mutations

You cannot wear most types of armour.
You are amphibious.
You can wear up to eight rings at the same time.
Your skin changes colour to match your surroundings (Stealth+).
Your rubbery body absorbs attacks. (AC +1, EV +1)
((You are camouflaged when in or above water. (Stealth+)))
You have tentacles for arms and can constrict up to eight enemies at once.


Message History

Press: ? - help, Shift-Dir - straight line, f - steam dragon
Aim: a steam dragon (steam, 79% to hit)
The searing ray hits the steam dragon but does no damage. (Press . to maintain the ray.)
The searing ray hits the steam dragon.
The steam dragon is lightly wounded.
The steam dragon bites you. The steam dragon misses you.
The searing ray hits the steam dragon!
The steam dragon is moderately wounded.
The steam dragon bites you! The steam dragon claws you.
The searing ray hits the steam dragon.
The steam dragon is heavily wounded.
You finish channelling your searing ray.
The steam dragon bites you. The steam dragon closely misses you.
Casting: Searing Ray (safe; 1% risk of failure)
Confirm with . or Enter, or press ? or * to list all spells.
Aiming: Searing Ray (safe; 1% risk of failure)
Press: ? - help, Shift-Dir - straight line, f/p - steam dragon
Aim: a steam dragon (heavily wounded, 79% to hit)
The searing ray hits the steam dragon but does no damage.
The steam dragon is heavily wounded. (Press . to maintain the ray.)
The steam dragon barely misses you. x2
Without enough magic to sustain it, your searing ray dissipates.
The steam dragon barely misses you. The steam dragon claws you.
You hit the steam dragon.
The steam dragon is heavily wounded.
The steam dragon completely misses you. The steam dragon claws you.
You hit the steam dragon but do no damage.
The steam dragon is heavily wounded.
You closely miss the steam dragon.
The steam dragon is heavily wounded.
The steam dragon breathes steam at you. The ball of steam hits you!!
* * * LOW HITPOINT WARNING * * *
The steam dragon attacks as it pursues you!
The steam dragon completely misses you. The steam dragon closely misses you.
There is a stone staircase leading up here.
The steam dragon bites you!
You die...

######...
###@......#
#§D.####.##
#.### #.#
#.# #.))).#
###.....⌠
..8#⌠∩ ..#


You could see a steam dragon (catching breath).

Vanquished Creatures
  The ghost of AceOff the Shield-Bearer, an amateur FoFi of Qazlal (D:3)
  A water moccasin (D:5)
  An ice beast (D:5)
  A black bear (D:5)
  A centaur (D:5)
  A scorpion (D:5)
  2 jellies
  A bombardier beetle (D:3)
  A gnoll bouda (D:5)
  An orc priest (D:5)
  3 iguanas (D:5)
  Natasha (thrice) (D:2)
  7 orc wizards
  2 white imps (D:5)
  2 ribbon worms
  17 orcs
  A ball python (D:2)
  4 endoplasms
  A giant cockroach (D:1)
  4 goblins
  4 hobgoblins
  3 quokkas
  3 frilled lizards
  4 kobolds
  5 rats
74 creatures vanquished.

Vanquished Creatures (others)
  35 foxfires
35 creatures vanquished.

Grand Total: 109 creatures vanquished

Notes
Turn   | Place    | Note
-------+----------+-------------------------------------------
     0 | D:1      | senseless the Octopode Conjurer began the quest for the
                  | Orb.
     0 | D:1      | Reached XP level 1. HP: 11/11 MP: 3/3
   372 | D:1      | Reached XP level 2. HP: 17/17 MP: 1/5
   374 | D:1      | Learned a level 1 spell: Foxfire
   377 | D:1      | Learned a level 2 spell: Searing Ray
  1348 | D:2      | Noticed Natasha
  1351 | D:2      | Killed Natasha
  1352 | D:2      | Reached XP level 3. HP: 22/22 MP: 2/6
  1447 | D:2      | Noticed Natasha
  1452 | D:2      | Killed Natasha
  1453 | D:2      | Reached skill level 1 in Fighting
  1453 | D:2      | Reached skill level 1 in Fire Magic
  1453 | D:2      | Reached XP level 4. HP: 28/28 MP: 1/7
  1530 | D:2      | Noticed Natasha
  1536 | D:2      | Killed Natasha
  1891 | D:3      | Found a burning altar of Makhleb.
  2028 | D:3      | Found a blossoming altar of Fedhas.
  2105 | D:3      | Reached XP level 5. HP: 33/33 MP: 5/9
  2223 | D:3      | Found Uraudiab's General Store.
  2226 | D:3      | Found Sutwokydia's Assorted Antiques.
  2233 | D:3      | Bought a potion of heal wounds for 60 gold pieces
  2254 | D:3      | Found a transporter.
  2420 | D:3      | Noticed AceOff's ghost (amateur FoFi)
  2423 | D:3      | Found a transporter.
  2453 | D:3      | Found a bloodstained altar of Trog.
  2597 | D:3      | Found a shadowy altar of Dithmenos.
  3183 | D:4      | Found a glowing silver altar of Zin.
  3459 | D:4      | Found an opulent altar of Gozag.
  3598 | D:4      | Reached XP level 6. HP: 38/38 MP: 5/10
  3986 | D:5      | Entered Level 5 of the Dungeon
  4141 | D:5      | Noticed a black bear
  4146 | D:5      | Noticed an ice beast
  4147 | D:5      | Killed a black bear
  4148 | D:5      | Reached skill level 5 in Conjurations
  4202 | D:5      | Found a snail-covered altar of Cheibriados.
  4266 | D:3      | Bought a red potion for 23 gold pieces
  4274 | D:3      | Bought a potion of curing for 36 gold pieces
  4524 | D:5      | Noticed a water moccasin
  4530 | D:5      | Killed a water moccasin
  4531 | D:5      | Reached XP level 7. HP: 25/45 MP: 3/12
  4609 | D:5      | Learned a level 4 spell: Flame Wave
  4741 | D:5      | Found a staircase to the Ecumenical Temple.
  4746 | Temple   | Entered the Ecumenical Temple
  5267 | D:5      | Reached XP level 8. HP: 48/51 MP: 9/14
  5565 | D:3      | Bought a potion of curing for 36 gold pieces
  5565 | D:3      | Bought a scroll of enchant weapon for 90 gold pieces
  5612 | D:3      | Killed AceOff's ghost
  5887 | D:6      | Found The Oracle's Delphic Readings.
  5907 | D:6      | Slain by a steam dragon

Illustrated notes

Levels and vault maps discovered:
D:1:      sevenhm_arrival_forest_fort_small_5, layout_basic
D:2:      layout_rooms, uniq_natasha
D:3:      layout_basic, fedhas_altar_2, mainiacjoe_overflow_boulevard,
          mainiacjoe_overflow_alcove_2, mainiacjoe_overflow_alcove_1,
          serial_shops, nicolae_square_shop, nicolae_shop_just_a_little_nook,
          gammafunk_ghost_arena
D:4:      layout_basic, grunt_gozag_statues, zin_scriptorium
D:5:      layout_cave_pools, amcnicky_altar_gilded,
          minmay_temple_entry_nine_rooms, minmay_increasing_density
D:6:      layout_loops_corners, nicolae_vehumet_altar_sigil,
          nicolae_shop_fire_sale [nicolae_sub_dead_trees],
          nicolae_nh_oracle_at_delphi, uniq_grinder
Temple:   nicolae_temple_bog_church

Skill      XL: |  1  2  3  4  5  6  7  8 |
---------------+-------------------------+-----
Stealth        | 3 4 |  4.9
Fighting       | 1 2 |  2.7
Fire Magic     | 1 2 3 4 |  4.0
Dodging        | 3 4 |  4.6
Spellcasting   | 3 4 |  4.3
Conjurations   | 5 |  5.9

Action                     |  1- 3 |  4- 6 |  7- 9 || total
---------------------------+-------+-------+-------++-------
  Melee: Dagger            |     4 |    31 |     6 ||    41
         Tentacles         |     2 |     8 |     2 ||    12
         Constrict         |     1 |     6 |       ||     7
         Short sword       |       |       |     4 ||     4
   Cast: Magic Dart        |    29 |    68 |    17 ||   114
         Foxfire           |     8 |    11 |       ||    19
         Searing Ray       |       |     8 |    14 ||    22
         Flame Wave        |       |       |     1 ||     1
    Use: Potion            |       |       |     3 ||     3
   Stab: Sleeping          |       |     1 |       ||     1
 Armour: Skin              |     1 |    23 |    26 ||    50
  Dodge: Dodged            |     2 |    25 |    27 ||    54

Table legend: (Time is in decaauts)
 A = Elapsed time spent in this place.
 B = Non-inter-level travel time spent in this place.
 C = Inter-level travel time spent in this place.
 D = Time resting spent in this place.
 E = Time spent auto-exploring this place.
 F = Levels seen in this place.
 G = Mean time per level.
                   A        B        C        D        E       F      G
               +--------+--------+--------+--------+--------+-----+--------+
         Total |   5899 |   5323 |    576 |    276 |   4517 |   7 |  842.7 |
       Dungeon |   5897 |   5321 |    576 |    276 |   4517 |   6 |  982.8 |
        Temple |      1 |      1 |      0 |      0 |      0 |   1 |    1.0 |
               +--------+--------+--------+--------+--------+-----+--------+

Top non-repeatable levels by time:
     D:4: 1524 daAuts
     D:5: 1238 daAuts
     D:3: 1221 daAuts
     D:2: 1035 daAuts
     D:1: 849 daAuts
     D:6: 29 daAuts
  Temple: 1 daAuts
